 Dungeon Crawl Stone Soup version 0.21-a0-349-g0c35859 (webtiles) character file.

99 Hasart the Skirmisher (level 4, -4/48 HPs)
             Began as an Ogre Gladiator on Oct 8, 2017.
             Slain by an orc
             ... wielding a +0 club
              (7 damage)
             ... on level 2 of the Dungeon.
             The game lasted 00:02:42 (1816 turns).

Hasart the Skirmisher (Ogre Gladiator)              Turns: 1816, Time: 00:02:43

Health: -4/48      AC:  3    Str: 19    XL:     4   Next: 72%
Magic:  13/13      EV: 10    Int:  9    God:
Gold:   89         SH:  4    Dex: 10    Spells: 3/3 levels left

rFire    . . .     SeeInvis .   a - +0 flail
rCold    . . .     Gourm    .   (no shield)
rNeg     . . .     Faith    .   b - +0 robe
rPois    .         Spirit   .   c - +0 hat
rElec    .         Reflect  +   (no cloak)
rCorr    .         Harm     .   (gloves unavailable)
MR       .....                  (boots unavailable)
Stlth    +.........             n - +4 amulet of reflection
HPRegen  0.16/turn              r - ring of magical power
MPRegen  0.13/turn              (no ring)

@: no status effects
A: unfitting armour, tough skin 1
a: no special abilities


You were on level 2 of the Dungeon.
You were not hungry.

You visited 1 branch of the dungeon, and saw 3 of its levels.

You collected 89 gold pieces.

Inventory:

Hand Weapons
 a - a +0 flail (weapon)
Missiles
 d - 3 throwing nets (quivered)
Armour
 b - a +0 robe (worn)
 c - a +0 hat (worn)
Jewellery
 n - a +4 amulet of reflection (around neck)
 r - a ring of magical power (left hand)
Scrolls
 e - a scroll of identify {unknown}
 g - a scroll of noise {unknown}
 h - 3 scrolls of immolation {unknown}
 j - 2 scrolls of enchant weapon {unknown}
 k - a scroll of fog {unknown}
 o - a scroll of fear {unknown}
 q - a scroll of teleportation {unknown}
 v - a scroll of enchant armour {unknown}
Potions
 i - a potion of lignification {unknown}
 l - 3 potions of curing {unknown}
 m - a potion of berserk rage {unknown}
 s - 2 potions of ambrosia {unknown}
 t - a potion of brilliance {unknown}
 u - a potion of degeneration {unknown}
Comestibles
 f - 3 bread rations
 p - a meat ration


   Skills:
 + Level 4.2 Fighting
 * Level 4.2 Maces & Flails
 - Level 2.0 Throwing
 - Level 2.6 Dodging


You had 3 spell levels left.
You didn't know any spells.

Dungeon Overview and Level Annotations

Branches:
Dungeon (3/15)

Altars:


Innate Abilities, Weirdness & Mutations

You are too large for most types of armour.
You have tough skin. (AC +1)


Message History

You closely miss the orc wizard.
The orc wizard is severely wounded.
The leopard gecko hisses angrily.
The orc wizard hits you with a dagger. The orc hits you with a club.
The orc wizard gestures at you while chanting.
The magic dart hits you!
* * * LOW HITPOINT WARNING * * *
The orc barely misses you.
You hit the orc wizard.
You kill the orc wizard!
You block the orc's attack.
The ball python bites you but does no damage.
Unknown command.
You barely miss the orc. The ball python barely misses you.
The orc hits you with a club.
* * * LOW HITPOINT WARNING * * *
You hit the orc.
The orc is moderately wounded.
You block the ball python's attack. The orc hits you with a club!
You die...

###
#..
#.##
...#
#..#
#.?#
#@.#
#So#
#l.#
#..#
#..#
##
....
.#
#..#
.#
#..#
.#


You could see an orc, a leopard gecko and a ball python.

Vanquished Creatures
  An orc priest (D:3)
  An orc wizard (D:2)
  An adder (D:2)
  A dart slug (D:1)
  A leopard gecko (D:3)
  2 orcs (D:3)
  A giant cockroach (D:3)
  6 goblins
  3 hobgoblins
  7 bats
  A frilled lizard (D:1)
  4 kobolds (D:1)
  3 rats (D:1)
32 creatures vanquished.

Notes
Turn   | Place    | Note
-------+----------+-------------------------------------------
     0 | D:1      | Hasart the Ogre Gladiator began the quest for the Orb.
     0 | D:1      | Reached XP level 1. HP: 22/22 MP: 1/1
   156 | D:1      | Reached XP level 2. HP: 9/31 MP: 2/2
  1327 | D:2      | Found a faded altar of an unknown god.
  1345 | D:2      | Reached XP level 3. HP: 15/37 MP: 3/3
  1574 | D:2      | You fall through a shaft!
  1808 | D:3      | Reached XP level 4. HP: 30/48 MP: 4/4
  1816 | D:2      | Slain by an orc

Vault maps used:
D:1:      minmay_arrival_up_and_down, minmay_parallelograms, st_stairs_10
D:2:      chequers_ecumenical_altar_island, chequers_big_river
D:3:      first_bread

Skill      XL: |  1  2  3 |
---------------+----------+-----
Fighting       | 3 4 |  4.2
Maces & Flails | 3 4 |  4.2
Throwing       | |  2.0
Dodging        | |  2.6

Action                   |  1- 3 |  4- 6 || total
-------------------------+-------+-------++-------
Melee: Flail             |   100 |     6 ||   106
Throw: Throwing net      |     1 |       ||     1
 Stab: Sleeping          |     1 |       ||     1
       Held in net/web   |     1 |       ||     1
  Eat: Chunk             |     3 |       ||     3
Armor: Robe              |    31 |     2 ||    33
Dodge: Dodged            |    57 |     4 ||    61
Block: Other             |    13 |     4 ||    17

Table legend:
 A = Spawn XP
 B = Non-spawn XP
 C = Spawn XP percentage of total XP
 D = Spawn monster count
 E = Non-spawn monster count
 F = Spawn count percentage of total count
 G = Total turns spent on level
                    A         B        C        D         E        F      G
               +---------+---------+-------+---------+---------+-------+---------
         Total |       0 |     142 |   0.0 |       0 |      32 |   0.0 |  1816
               +---------+---------+-------+---------+---------+-------+---------
           D:1 |       0 |      26 |   0.0 |       0 |      18 |   0.0 |  1221
           D:2 |       0 |      60 |   0.0 |       0 |       6 |   0.0 |   357
           D:3 |       0 |      56 |   0.0 |       0 |       8 |   0.0 |   238
               +---------+---------+-------+---------+---------+-------+---------
